 Seeded DCSS version 0.30-a0-54-g2e61a25929 (webtiles) character file.

Game seed: 3929470806931107622 (custom seed)

6 valliere the Grave Robber (level 1, -1/13 HPs)
             Began as a Mummy Necromancer on Sept 7, 2022.
             Slain by a hobgoblin (2 damage)
             ... on level 2 of the Dungeon.
             The game lasted 00:01:00 (231 turns).

valliere the Grave Robber (Mummy Necromancer)        Turns: 231, Time: 00:01:01

Health: -1/13      AC:  3    Str: 11    XL:     1   Next: 75%
Magic:  1/4        EV: 11    Int: 14    God:
Gold:   34         SH:  0    Dex: 12    Spells: 4/5 levels left

rFire   x . .      SeeInvis .    (no weapon)
rCold   + . .      Faith    .    (no shield)
rNeg    + + +      Spirit   .    d - +0 leather armour
rPois   ∞          Reflect  .    (no helmet)
rElec   .          Harm     .    (no cloak)
rCorr   .          Rampage  .    (no gloves)
Will    .....                    (no boots)
Stlth   +.........               (no amulet)
HPRegen 0.04/turn                (no ring)
MPRegen 0.09/turn                (no ring)

@: no status effects
A: cold resistance 1, negative energy resistance 3, torment resistance 2, heat
vulnerability 1, no potions
a: no special abilities


You were on level 2 of the Dungeon.
You visited 1 branch of the dungeon, and saw 2 of its levels.

You collected 34 gold pieces.

Inventory:

Missiles
 c - 7 stones
Armour
 a - a +0 robe
 d - a +0 leather armour (worn)
Scrolls
 b - 2 scrolls of teleportation {unknown}
 e - a scroll of summoning {unknown}


   Skills:
 + Level 0.2 Fighting
 + Level 0.1 Staves
 - Level 1.5 Dodging
 - Level 1.5 Stealth
 + Level 2.8 Spellcasting
 * Level 4.1 Necromancy
 + Level 0.2 Evocations


You had 4 spell levels left.
You knew the following spells:

 Your Spells              Type           Power      Damage    Failure   Level
a - Necrotise             Necr           52%        1d6       5%          1

Your spell library contained the following spells:

 Spells                   Type           Power      Damage    Failure   Level
 Vampiric Draining        Necr           13%        2d6       16%         3
 Animate Dead             Necr           13%        N/A       45%         4
 Agony                    Necr           13%        N/A       82%         5


Dungeon Overview and Level Annotations

Branches:
Dungeon (2/15)

Altars:
Trog


Innate Abilities, Weirdness & Mutations

You are immune to poison.
Your flesh is cold resistant. (rC+)
You are immune to negative energy. (rN+++)
You are immune to unholy pain and torment.
You are vulnerable to heat. (rF-)
You do not drink.


Message History

Found a bloodstained altar of Trog.
The bat hits you.
The hobgoblin hits you but does no damage.
You hit the hobgoblin but do no damage. The bat closely misses you.
Your kobold skeleton barely misses the hobgoblin.
The hobgoblin hits you but does no damage.
You hit the hobgoblin but do no damage. The bat closely misses you.
The hobgoblin hits you.
Your kobold skeleton closely misses the hobgoblin.
You barely miss the hobgoblin. The bat barely misses you.
The hobgoblin hits you.
* * * LOW HITPOINT WARNING * * *
You hit the hobgoblin but do no damage. The bat misses you.
Your kobold skeleton hits the hobgoblin but does no damage.
The hobgoblin misses you.
You are too injured to fight recklessly!
Casting: Necrotise (safe; 5% risk of failure)
Confirm with . or Enter, or press ? or * to list all spells.
Aiming: Necrotise (safe; 5% risk of failure)
Press: ? - help, Shift-Dir - straight line, f - hobgoblin
Aim: a hobgoblin (chance to affect: 83%)
The hobgoblin writhes in agony.
The bat hits you.
* * * LOW HITPOINT WARNING * * *
Your kobold skeleton hits the hobgoblin.
The hobgoblin hits your kobold skeleton.
Casting: Necrotise (safe; 5% risk of failure)
Confirm with . or Enter, or press ? or * to list all spells.
You don't have enough magic to cast this spell.
You swap places.
Your kobold skeleton crumbles into dust!
The hobgoblin closely misses you. The bat barely misses you.
You see here a giant cockroach corpse.
You closely miss the hobgoblin.
The hobgoblin is almost dead.
The bat closely misses you. The bat hits you but does no damage.
The hobgoblin hits you.
* * * LOW HITPOINT WARNING * * *
You closely miss the hobgoblin.
The hobgoblin is almost dead.
The bat closely misses you. The hobgoblin hits you.
You die...

.. #.# ###.### #..
#.....# #.. ####.....#
#.. ......?..# #..
##......##############..
##...|...................
.=......g# #########.
.#.....#@###### #####.
#.....#.)....## #.!...
#.._..#####...#####.####
....... #........<....
##..... #.#.#####.####
#..#.# #.#.# #.# #.##.
#.#.# #.# #.#.# #.# #.#.#
#.#


You could see a hobgoblin.

Vanquished Creatures
  An endoplasm (D:2)
  A giant cockroach (D:2)
  A kobold (D:2)
  A frilled lizard (D:2)
  2 rats (D:2)
6 creatures vanquished.

Notes
Turn   | Place    | Note
-------+----------+-------------------------------------------
     0 | D:1      | valliere the Mummy Necromancer began the quest for the Orb.
     0 | D:1      | Reached XP level 1. HP: 13/13 MP: 4/4
    11 | D:1      | You fall into a shaft and drop 1 floor!
   223 | D:2      | Found a bloodstained altar of Trog.
   231 | D:2      | Slain by a hobgoblin

Illustrated notes

Levels and vault maps discovered:
D:1:      dpeg_arrival_simpleton_a, layout_basic,
          hellmonk_ecumenical_altar_lost_god
D:2:      layout_loops_ring, basic_altar

Action                   || total
-------------------------++-------
Melee: Unarmed           ||    18
 Cast: Necrotise         ||    13
Armor: Leather armour    ||    12
Dodge: Dodged            ||    17

Table legend: (Time is in decaauts)
 A = Elapsed time spent in this place.
 B = Non-inter-level travel time spent in this place.
 C = Inter-level travel time spent in this place.
 D = Time resting spent in this place.
 E = Time spent auto-exploring this place.
 F = Levels seen in this place.
 G = Mean time per level.
                   A        B        C        D        E       F      G
               +--------+--------+--------+--------+--------+-----+--------+
         Total |    230 |    230 |      0 |      0 |    148 |   2 |  115.0 |
       Dungeon |    230 |    230 |      0 |      0 |    148 |   2 |  115.0 |
               +--------+--------+--------+--------+--------+-----+--------+

Top non-repeatable levels by time:
     D:2: 219 daAuts
     D:1: 11 daAuts
